 Dungeon Crawl Stone Soup version 0.17-a0-157-g289cc6a (webtiles) character file.

973 Ngotmuk the Skirmisher (level 7, -4/63 HPs)
             Began as a Minotaur Fighter on Mar 27, 2015.
             Slain by a hippogriff (6 damage)
             ... on level 7 of the Dungeon.
             The game lasted 00:18:06 (5311 turns).

Ngotmuk the Skirmisher (Minotaur Fighter)           Turns: 5311, Time: 00:18:06

Health: -4/63      AC:  9    Str: 22    XL:     7   Next: 94%
Magic:  3/3        EV:  8    Int:  5    God:
Gold:   250        SH: 10    Dex: 17    Spells: 0 memorised, 6 levels left

rFire  . . .     SeeInvis +     a - +1 flail
rCold  . . .     Clarity  .     s - +0 chain mail
rNeg   . . .     SustAb   .     c - +0 shield
rPois  .         Gourm    .     (helmet restricted)
rElec  .         Spirit   .     (no cloak)
rCorr  .         Warding  .     (no gloves)
rMut   .         Stasis   .     (no boots)
MR     .....                    g - amulet of regeneration
Stlth  ..........               (no ring)
                                r - ring "Yfysaost" {Dex+7 SInv}

@: drained, not resistant to hostile enchantments, extremely unstealthy
A: retaliatory headbutt, horns 2
a: no special abilities


You were on level 7 of the Dungeon.
You were not hungry.

You visited 1 branch of the dungeon, and saw 7 of its levels.
You also visited: Sewer.

You collected 250 gold pieces.

Inventory:

Hand weapons
 a - a +1 flail (weapon)
Armour
 c - a +0 shield (worn)
 s - a +0 chain mail (worn)
Jewellery
 g - an amulet of regeneration (around neck)
 r - the ring "Yfysaost" (left hand) {Dex+7 SInv}
   (You found it on level 4 of the Dungeon)

   [ring of see invisible]

   It affects your dexterity (+7).
   It enhances your eyesight.
Magical devices
 C - a wand of polymorph (13)
 D - a wand of paralysis (14)
Scrolls
 f - a scroll of recharging
 h - 2 scrolls of magic mapping
 i - a scroll of teleportation
 m - 2 scrolls of enchant weapon
 p - 7 scrolls of remove curse
 w - a scroll of identify
Potions
 b - a potion of resistance {unknown}
 e - 5 potions of might
 j - 6 potions of curing {unknown}
 n - a potion of mutation {unknown}
 o - 2 potions of brilliance {unknown}
 z - a potion of berserk rage {unknown}
 A - 2 potions of lignification {unknown}
Books
 v - a book of Transfigurations

   Spells                             Type                      Level
   a - Stoneskin                      Transmutation/Earth          2
   b - Irradiate                      Conjuration/Transmutation    5
   c - Statue Form                    Transmutation/Earth          6
   d - Hydra Form                     Transmutation                6
   e - Dragon Form                    Transmutation                7
 y - a book of Power

   Spells                             Type                      Level
   a - Fulminant Prism                Conjuration/Hexes            4
   b - Iskenderun's Mystic Blast      Conjuration                  4
   c - Venom Bolt                     Conjuration/Poison           5
   d - Bolt of Magma                  Conjuration/Fire/Earth       5
   e - Iron Shot                      Conjuration/Earth            6
   f - Orb of Destruction             Conjuration                  7
   g - Spellforged Servitor           Conjuration/Summoning        7
Comestibles
 d - 7 bread rations
 k - 2 meat rations
 B - 3 fruits


   Skills:
 + Level 6.0(5.0) Fighting
 + Level 5.4(4.5) Maces & Flails
 + Level 5.7(4.7) Armour
 + Level 4.5(3.6) Dodging
 + Level 6.0(5.0) Shields


You had 6 spell levels left.
You didn't know any spells.

Dungeon Overview and Level Annotations

Branches:
Dungeon (7/15)
 Temple: D:4-7

Altars:
Cheibriados
Dithmenos
Makhleb
Nemelex Xobeh
Vehumet
Xom
Yredelemnul
The Shining One

Shops:
D:5 [

Annotations:
D:3 2 runed doors
D:5 Herrn's ghost, experienced FoFi
D:6 Natasha; Pikel


Innate Abilities, Weirdness & Mutations

You reflexively headbutt those who attack you in melee.
You have a pair of horns on your head.


Message History

The orc wizard seems to speed up.
You feel yourself speed up.
The phantom blinks!
You block the orc warrior's attack.
The phantom blinks!
The orc warrior hits you from afar with a trident!
* * * LOW HITPOINT WARNING * * *
The hippogriff seems to regain its courage.
Cornered, the scorpion turns to fight!
The orc warrior seems to regain its courage.
Cornered, the orc wizard turns to fight!
The hippogriff barely misses you. You furiously retaliate!
You headbutt the hippogriff!
The hippogriff pecks you but does no damage.
The hippogriff claws you but does no damage.
You see here a scroll of teleportation.
i - a scroll of teleportation The hippogriff bites you.
* * * LOW HITPOINT WARNING * * *
The hippogriff pecks you but does no damage.
The hippogriff claws you.
You die...

#... ########
#o...#......#
#....#......#
#.......o.s.+
#....#.o....#
#....#..o.W.#
#### #......#
#......#
#.H@...#
#...(..#
#......#
########


You could see a hippogriff, a phantom, an orc warrior, a scorpion, an orc wizard
(invisible) and an orc.

Vanquished Creatures
  An ogre (D:5)
  Sigmund (D:4)
  A giant frog (D:6)
  A crimson imp (D:5)
  A goliath beetle (D:6)
  3 hounds (D:5)
  2 jellies (D:3)
  A giant frog skeleton (D:4)
  An iguana (D:4)
  Natasha (D:6)
  3 orc wizards
  6 worker ants
  8 adders
  A giant mite (D:3)
  2 worms
  7 giant geckos
  7 orcs
  6 bats
  14 goblins
  14 hobgoblins
  13 jackals
  4 quokkas
  5 ball pythons
  2 giant cockroaches
  4 giant newts
  A jackal skeleton (D:4)
  20 kobolds
  7 rats
  A sheep (D:3)
  3 plants (Sewer)
141 creatures vanquished.

Notes
Turn   | Place    | Note
--------------------------------------------------------------
     0 | D:1      | Ngotmuk, the Minotaur Fighter, began the quest for the Orb.
     0 | D:1      | Reached XP level 1. HP: 19/19 MP: 1/1
   216 | D:1      | Reached XP level 2. HP: 27/27 MP: 1/1
   397 | D:1      | Reached skill level 1 in Dodging
   623 | D:2      | Reached skill level 4 in Shields
   753 | D:2      | Reached XP level 3. HP: 33/33 MP: 2/2
  1480 | D:3      | Found a shimmering altar of Xom.
  1481 | D:3      | Found a runed door.
  1484 | D:3      | Found a runed door.
  1498 | D:3      | Found a runed door.
  1500 | D:3      | Found a runed door.
  1501 | D:3      | Found a runed door.
  1576 | D:3      | Found a glowing golden altar of the Shining One.
  1603 | D:3      | Found a glowing drain.
  1606 | D:3      | Reached XP level 4. HP: 40/40 MP: 2/2
  1616 | Sewer    | Entered a sewer
  2381 | D:3      | Found a runed door.
  2468 | D:3      | Reached XP level 5. HP: 43/46 MP: 2/2
  2732 | D:3      | Reached skill level 5 in Shields
  2779 | D:4      | Noticed Sigmund
  2949 | D:4      | Reached XP level 6. HP: 47/53 MP: 3/3
  2998 | D:4      | Found a snail-covered altar of Cheibriados.
  3070 | D:4      | Found a shadowy altar of Dithmenos.
  3160 | D:5      | Entered Level 5 of the Dungeon
  3160 | D:5      | Noticed Herrn's ghost (experienced FoFi)
  3241 | D:4      | Found a sparkling altar of Nemelex Xobeh.
  3524 | D:4      | Got a shimmering platinum ring
  3526 | D:4      | Identified the ring "Yfysaost" {Dex+7 SInv} (You found it on level 4 of the Dungeon)
  3687 | D:4      | Found a basalt altar of Yredelemnul.
  3809 | D:4      | Killed Sigmund
  3809 | D:4      | Reached skill level 5 in Fighting
  3809 | D:4      | Reached skill level 5 in Armour
  3860 | D:4      | Reached XP level 7. HP: 54/61 MP: 3/3
  4241 | D:5      | Found a burning altar of Makhleb.
  4489 | D:5      | Found Doorgh Napha's Armour Boutique.
  4619 | D:5      | Reached skill level 5 in Maces & Flails
  4652 | D:5      | Found a burning altar of Makhleb.
  4937 | D:6      | Noticed Natasha
  4949 | D:6      | Killed Natasha
  4979 | D:6      | Reached skill level 6 in Fighting
  5013 | D:6      | Found a radiant altar of Vehumet.
  5197 | D:6      | Noticed Pikel
  5292 | D:6      | Noticed Natasha
  5311 | D:7      | HP: 2/63 [hippogriff (4)]
  5311 | D:7      | Slain by a hippogriff

Action                   |  1- 3 |  4- 6 |  7- 9 || total
-------------------------+-------+-------+-------++-------
Melee: Flail             |   105 |   279 |   107 ||   491
  Use: Scroll            |       |    10 |     6 ||    16
  Eat: Beef jerky        |     1 |       |     1 ||     2
       Fruit             |     1 |       |       ||     1
       Meat ration       |       |     1 |     1 ||     2
       Bread ration      |       |     1 |       ||     1
